 Dungeon Crawl Stone Soup version 0.13-a0-1585-g6f4f798 (webtiles) character file.

636 Aelig the Thaumaturge (level 6, -3/32 HPs)
             Began as a Deep Elf Venom Mage on June 12, 2013.
             Was a Follower of Vehumet.
             Slain by an orc
             ... wielding a +2,+2 orcish short sword
              (7 damage)
             ... on Level 5 of the Dungeon.
             The game lasted 00:25:11 (5399 turns).

Aelig the Thaumaturge (Deep Elf Venom Mage)         Turns: 5399, Time: 00:25:12

HP  -3/32        AC  3     Str  5      XL: 6   Next: 80%
MP  11/22        EV 13     Int 22      God: Vehumet [*.....]
Gold 171         SH  0     Dex 15      Spells:  3 memorised, 15 levels left

Res.Fire  : . . .   See Invis. : .   q - +0 mace
Res.Cold  : . . .   Warding    : .   a - -1 elf robe
Life Prot.: . . .   Conserve   : .   (no shield)
Res.Poison: .       Res.Corr.  : .   (no helmet)
Res.Elec. : .       Clarity    : .   D - +0 cloak
Sust.Abil.: . .     Spirit.Shd : .   (no gloves)
Res.Mut.  : .       Stasis     : .   y - +0 pair of boots
Res.Rott. : .       Flight     : .   (no amulet)
Saprovore : . . .                    (no ring)
                                     (no ring)

@: slightly resistant to hostile enchantments, fairly stealthy
A: no striking features
a: Renounce Religion


You were on level 5 of the Dungeon.
You worshipped Vehumet.
Vehumet was most pleased with you.
You were not hungry.

You visited 1 branch of the dungeon, and saw 5 of its levels.

You collected 151 gold pieces.

Inventory:

Hand weapons
 q - a +0,+0 mace (weapon)
Missiles
 H - a throwing net (quivered)
Armour
 a - a -1 elven robe (worn)
 y - a +0 pair of boots (worn)
 D - a +0 cloak (worn)
Comestibles
 c - 2 bread rations
 I - a meat ration
Scrolls
 e - 4 scrolls of identify {unknown}
 f - a scroll of magic mapping {unknown}
 g - 2 scrolls of fear {unknown}
 h - 3 scrolls of remove curse {unknown}
 i - 2 scrolls of amnesia {unknown}
 j - 3 scrolls of teleportation {unknown}
 k - a scroll of blinking {unknown}
 n - 2 scrolls of enchant weapon II {unknown}
 r - a scroll of curse jewellery {unknown}
 v - a scroll of enchant weapon I {unknown}
 w - a scroll of enchant armour {unknown}
 x - 3 scrolls of curse weapon {unknown}
 C - a scroll of noise {unknown}
 G - a scroll of recharging {unknown}
Jewellery
 d - an uncursed amulet of the gourmand {unknown}
 B - the ring "Miheovy" {Hunger rElec, unknown}
   (You found it on level 4 of the Dungeon)

   [ring of hunger]

   It insulates you from electricity.
 F - a +1 ring of dexterity {unknown}
Potions
 l - a potion of might {unknown}
 m - 2 potions of paralysis {unknown}
 o - 2 potions of agility {unknown}
 p - a potion of speed
 s - a potion of mutation {unknown}
 t - a potion of restore abilities {unknown}
 z - a potion of berserk rage {unknown}
 A - 2 potions of curing
 E - a potion of flight {unknown}
Books
 b - a Young Poisoner's Handbook

   Spells                             Type                      Level
   *Sting                             Conjuration/Poison           1
   *Cure Poison                       Poison                       2
   *Mephitic Cloud                    Conjuration/Poison/Air       3
   Olgreb's Toxic Radiance            Poison                       4
   Venom Bolt                         Conjuration/Poison           5


   Skills:
 + Level 0.1 Fighting
 - Level 2.4 Dodging
 - Level 2.4 Stealth
 - Level 8.1 Spellcasting
 * Level 2.5 Conjurations
 + Level 5.1 Poison Magic


You had 15 spell levels left.
You knew the following spells:

 Your Spells              Type           Power        Failure   Level  Hunger
a - Sting                 Conj/Pois      ####         1%          1    None
b - Cure Poison           Pois           ####......   1%          2    None
c - Mephitic Cloud        Conj/Pois/Air  ###.....     10%         3    None


Dungeon Overview and Level Annotations

Branches:
Dungeon (5/27)
 Temple: D:4-7

Altars:
Elyvilon
Fedhas
Kikubaaqudgha
Vehumet
Zin

Annotations
D:2 exclusion: downstairs
D:4 exclusion: downstairs


Message History

Aiming: Sting
Press: ? - help, Shift-Dir - straight line, f/p - crimson imp
Aim: a crimson imp The sting misses the crimson imp.
The crimson imp barely misses you.
You hit the crimson imp but do no damage.
The crimson imp shouts, "Take thy face hence, thou delicate unchin-snouted snake-molt!"
The crimson imp hits you.
The crimson imp blinks!
There is a stone staircase leading down here.
You climb downwards.
An orc and an orc wizard come into view.
The crimson imp shouts!
The orc wizard shouts!
The orc priest shouts!
The centaur unwields an uncursed bow.
The centaur closely misses you.
The orc hits you with an orcish short sword!
* * * LOW HITPOINT WARNING * * *
There is a stone staircase leading up here.
You see here an arrow.
The centaur hits you.
* * * LOW HITPOINT WARNING * * *
The orc hits you with an orcish short sword!
You die...

..# .....#
#.....# #.....#
###.....###
#.........##
...........##
....5..o.....##
..oO..o.@.....#
.........c.....#
...............
.##.....##.....
#o....# #....
..(..... ...
....... . ......
...


You could see an ogre (wandering), a centaur, an orc priest, an orc wizard, a
crimson imp and 2 orcs.

Vanquished Creatures
  Sigmund (D:4)
  3 orc priests (D:3)
  4 orc wizards
  7 adders
  4 gnolls (D:4)
  A giant mite (D:3)
  An inept feature mimic (D:3)
  A giant eyeball (D:5)
  A gnoll zombie (D:2)
  4 giant geckos
  9 orcs
  3 bats
  4 giant cockroaches
  11 goblins
  9 hobgoblins
  2 jackals (D:4)
  5 kobolds
  An ooze (D:2)
  2 quokkas
  A ball python (D:2)
  2 giant newts
  A giant newt skeleton (D:2)
  A goblin zombie (D:2)
  3 rats
  A rat skeleton (D:4)
82 creatures vanquished.

Notes
Turn   | Place    | Note
--------------------------------------------------------------
     0 | D:1      | Aelig, the Deep Elf Venom Mage, began the quest for the Orb.
     0 | D:1      | Reached XP level 1. HP: 10/10 MP: 4/4
   256 | D:1      | Reached XP level 2. HP: 7/15 MP: 1/7
   665 | D:2      | Found a white marble altar of Elyvilon.
  1049 | D:2      | Reached XP level 3. HP: 19/19 MP: 0/11
  1872 | D:3      | Found a radiant altar of Vehumet.
  1904 | D:3      | Reached skill level 5 in Spellcasting
  2062 | D:3      | Found a glowing silver altar of Zin.
  2078 | D:3      | Became a worshipper of Vehumet
  2109 | D:3      | Learned a level 2 spell: Cure Poison
  2113 | D:3      | Learned a level 3 spell: Mephitic Cloud
  2198 | D:2      | Reached XP level 4. HP: 13/24 MP: 10/15
  2542 | D:4      | Got a glittering steel ring
  2609 | D:3      | Reached skill level 6 in Spellcasting
  2610 | D:3      | Reached XP level 5. HP: 28/28 MP: 1/19
  2871 | D:3      | Reached skill level 7 in Spellcasting
  3011 | D:3      | Found an ancient bone altar of Kikubaaqudgha.
  3486 | D:4      | Reached skill level 8 in Spellcasting
  3486 | D:4      | Reached XP level 6. HP: 32/32 MP: 0/22
  3660 | D:4      | Noticed Sigmund
  3679 | D:4      | Killed Sigmund
  3679 | D:4      | Reached skill level 1 in Conjurations
  3931 | D:4      | Noticed a phantom
  3931 | D:4      | Acquired Vehumet's first power
  3931 | D:4      | Offered knowledge of Freeze by Vehumet.
  4115 | D:5      | Entered Level 5 of the Dungeon
  4153 | D:4      | Found a blossoming altar of Fedhas.
  4232 | D:5      | Paralysed by a giant eyeball for 4 turns
  4238 | D:5      | Paralysed by a giant eyeball for 2 turns
  4286 | D:4      | Reached skill level 5 in Poison Magic
  5399 | D:5      | Slain by an orc

Action                   |  1- 3 |  4- 6 || total
-------------------------+-------+-------++-------
Melee: Unarmed           |    15 |       ||    15
       Mace              |    22 |    53 ||    75
 Cast: Sting             |    78 |   156 ||   234
       Mephitic Cloud    |       |    26 ||    26
       Cure Poison       |       |     1 ||     1
  Use: Potion            |       |     1 ||     1
